 Dungeon Crawl Stone Soup version 0.13.0-7-g3df9ff1 (webtiles) character file.

206 MackTheKnife the Ruffian (level 4, 0/44 HPs)
             Began as a Troll Monk on Oct 16, 2013.
             Slain by Grinder (5 damage)
             ... while paralysed by Grinder
             ... on Level 3 of the Dungeon.
             The game lasted 00:02:21 (1366 turns).

MackTheKnife the Ruffian (Troll Monk)               Turns: 1366, Time: 00:02:21

HP   0/44        AC  5     Str 20      XL: 4   Next: 54%
MP   0/1         EV  1     Int  6      God:
Gold 101         SH  0     Dex 14      Spells:  0 memorised,  3 levels left

Res.Fire  : . . .   See Invis. : .     - Unarmed
Res.Cold  : . . .   Warding    : .   h - +0 robe (curse)
Life Prot.: . . .   Conserve   : .   (shield restricted)
Res.Poison: .       Res.Corr.  : .   (helmet restricted)
Res.Elec. : .       Clarity    : .   (no cloak)
Sust.Abil.: . .     Spirit.Shd : +   (gloves unavailable)
Res.Mut.  : .       Stasis     : .   (boots unavailable)
Res.Rott. : .       Flight     : .   d - amulet of guardian spirit
Gourmand  : +                        (no ring)
                                     c - +2 ring of dexterity

@: paralysed, slightly resistant to hostile enchantments, unstealthy
A: unfitting armour, claws 3, fast metabolism 3, gourmand, regeneration 2,
saprovore 2, tough skin 2, AC +1
a: no special abilities


You were on level 3 of the Dungeon.
You were not hungry.

You visited 1 branch of the dungeon, and saw 3 of its levels.

You collected 101 gold pieces.

Inventory:

Armour
 a - a +0 robe
 h - a cursed +0 robe (worn)
Comestibles
 b - 4 meat rations
 j - 3 apples
Scrolls
 e - a scroll of remove curse {unknown}
 g - a scroll of recharging {unknown}
 k - a scroll of enchant armour {unknown}
 l - a scroll of fog {unknown}
 m - a scroll of magic mapping {unknown}
 n - a scroll of teleportation {unknown}
Jewellery
 c - a +2 ring of dexterity (left claw)
 d - an amulet of guardian spirit (around neck)
Potions
 i - 2 potions of curing {unknown}


   Skills:
 - Level 2.4 Fighting
 - Level 2.4 Dodging
 - Level 1.1 Stealth
 + Level 6.0 Unarmed Combat


You had 3 spell levels left.
You didn't know any spells.

Dungeon Overview and Level Annotations

Branches:
Dungeon (3/27)

Altars:

Annotations:
D:3 Grinder


Innate Abilities, Weirdness & Mutations

You are too large for most types of armour.
You have claws for hands.
Your metabolism is lightning-fast.
You like to eat raw meat.
You heal very quickly.
You can eat rotten meat.
You are covered in fur (AC +1).
You have very tough skin (AC +2).


Message History

Grinder says, "DUCK!"
Grinder hits you.
You writhe in agony.
You barely miss Grinder.
Grinder is moderately wounded.
The kobold hits you but does no damage. Grinder gestures at you.
You suddenly lose the ability to move!
The kobold hits you but does no damage. Grinder hits you but does no damage.
The kobold hits you but does no damage. Grinder hits you.
The kobold hits you but does no damage. Grinder hits you.
You writhe in agony.
The kobold hits you. Grinder hits you!
You writhe in agony.
The kobold hits you. Grinder hits you but does no damage.
The kobold hits you but does no damage. Grinder hits you.
* * * LOW HITPOINT WARNING * * *
You writhe in agony.
* * * LOW HITPOINT WARNING * * *
The kobold hits you but does no damage. Grinder hits you.
* * * LOW HITPOINT WARNING * * *
You writhe in agony.
You die...

######.#
#....# #.####
###.# ..#.# #
#.#.#
###.####.#.#
......rK#.#.#
#5@.%.#
###.### ...#
#####


You could see Grinder, a kobold and a rat.

Vanquished Creatures
  The ghost of jazmu the Shooter, a weakling MiHu (D:3)
  An adder (D:2)
  A worm (D:3)
  A giant gecko (D:2)
  An ooze (D:3)
  An orc (D:3)
  2 ball pythons
  2 giant cockroaches (D:2)
  9 hobgoblins
  A quokka (D:2)
  9 bats
  3 giant newts
  7 goblins
  3 kobolds
  3 rats
45 creatures vanquished.

Notes
Turn   | Place    | Note
--------------------------------------------------------------
     0 | D:1      | MackTheKnife, the Troll Monk, began the quest for the Orb.
     0 | D:1      | Reached XP level 1. HP: 20/20 MP: 0/0
   162 | D:1      | Reached XP level 2. HP: 26/28 MP: 0/0
   598 | D:2      | Reached skill level 5 in Unarmed Combat
   598 | D:2      | Reached XP level 3. HP: 32/35 MP: 1/1
  1225 | D:3      | Noticed jazmu's ghost (weakling MiHu)
  1232 | D:3      | Killed jazmu's ghost
  1232 | D:3      | Reached XP level 4. HP: 32/44 MP: 1/1
  1298 | D:3      | Reached skill level 6 in Unarmed Combat
  1355 | D:3      | Noticed Grinder
  1359 | D:3      | Paralysed by Grinder for 7 turns
  1366 | D:3      | Slain by Grinder

Action                   |  1- 3 |  4- 6 || total
-------------------------+-------+-------++-------
Melee: Unarmed           |    94 |    18 ||   112
  Use: Scroll            |       |     3 ||     3
